 Seeded DCSS version 0.28-a0-1159-g27aa881441 (webtiles) character file.

Game seed: 3047507878316767220 (custom seed)

179 croobank the Skirmisher (level 5, -2/47 HPs)
             Began as a Gnoll Abyssal Knight on Dec 15, 2021.
             Was a Believer of Lugonu.
             Slain by an iguana (8 damage)
             ... on level 3 of the Dungeon.
             The game lasted 00:15:38 (2497 turns).

croobank the Skirmisher (Gnoll Abyssal Knight)      Turns: 2497, Time: 00:15:38

Health: -2/47      AC:  7    Str: 12    XL:     5   Next: 59%
Magic:  7/8        EV: 12    Int: 11    God:    Lugonu [**....]
Gold:   109        SH:  0    Dex: 13    Spells: 4/7 levels left

rFire   . . .      SeeInvis .   a - +1 hand axe
rCold   + . .      Faith    .   (no shield)
rNeg    . . .      Spirit   .   i - +0 steam dragon scales
rPois   .          Reflect  .   c - +0 helmet
rElec   .          Harm     .   (no cloak)
rCorr   .          Rampage  .   (no gloves)
Will    .....                   (no boots)
Stlth   ++........              (no amulet)
HPRegen 0.15/turn               n - ring of protection from cold
MPRegen 0.11/turn               (no ring)

@: no status effects
A: fangs 1, strong nose, distributed training
a: Renounce Religion, Depart the Abyss, Bend Space


You were on level 3 of the Dungeon.
You worshipped Lugonu.
Lugonu was pleased with you.
You visited 1 branch of the dungeon, and saw 3 of its levels.
You visited the Abyss 1 time.

You collected 109 gold pieces.

Inventory:

Hand Weapons
 a - a +1 hand axe (weapon)
 b - a +0 hunting sling
 e - a +0 dagger
 k - a +2 whip of pain
Missiles
 f - 4 boomerangs
 o - 25 poisoned darts (quivered)
 q - 16 stones
 r - 22 sling bullets
Armour
 c - a +0 helmet (worn)
 g - a +0 ring mail
 i - +0 steam dragon scales (worn)
 l - the +0 helmet "Ufupn" {rPois rC- rCorr Str-2}
   (You took it off Robin on level 2 of the Dungeon)

   Str:       It affects your strength (-2).
   rC:        It makes you vulnerable to cold.
   rPois:     It protects you from poison.
   rCorr:     It protects you from acid and corrosion.
 p - a +0 leather armour
Jewellery
 n - a ring of protection from cold (left hand)
Scrolls
 d - a scroll of vulnerability {vulnerability, unknown}
 h - a scroll of brand weapon {brand weapon, unknown}
 j - 3 scrolls of blinking {blink, unknown}
 m - a scroll of acquirement {acquirement, unknown}
 t - a scroll of immolation
 u - 2 scrolls of identify {identify, unknown}
 v - a scroll of enchant weapon {enchant weapon, unknown}
Potions
 s - a potion of berserk rage {berzerk rage, unknown}


   Skills:
 + Level 6.7 Fighting
 + Level 1.5 Short Blades
 + Level 1.5 Long Blades
 + Level 4.8 Axes
 + Level 1.5 Maces & Flails
 + Level 1.5 Polearms
 + Level 1.5 Staves
 + Level 1.5 Slings
 + Level 1.5 Bows
 + Level 1.5 Crossbows
 + Level 1.5 Throwing
 + Level 4.8 Armour
 + Level 3.0 Dodging
 + Level 1.5 Stealth
 + Level 1.5 Shields
 + Level 1.5 Unarmed Combat
 + Level 1.5 Spellcasting
 + Level 1.2 Conjurations
 + Level 1.2 Hexes
 + Level 1.2 Summonings
 + Level 1.2 Necromancy
 + Level 1.2 Translocations
 + Level 1.2 Transmutations
 + Level 1.2 Fire Magic
 + Level 1.2 Ice Magic
 + Level 1.2 Air Magic
 + Level 1.2 Earth Magic
 + Level 1.2 Poison Magic
 + Level 4.9 Invocations
 + Level 1.5 Evocations


You had 4 spell levels left.
You knew the following spells:

 Your Spells              Type           Power      Damage    Failure   Level
a - Beastly Appendage     Tmut           6%         N/A       19%         1
b - Wereblood             Tmut           3%         N/A       28%         2

Your spell library contained the following spells:

 Spells                   Type           Power      Damage    Failure   Level
 Spider Form              Tmut/Pois      3%         N/A       50%         3
 Petrify                  Tmut/Erth      3%         N/A       88%         4
 Metabolic Englaciation   Hex/Ice        1%         N/A       99%         5
 Statue Form              Tmut/Erth      2%         N/A       100%        6


Dungeon Overview and Level Annotations

Branches:
Dungeon (3/15)

Altars:

Shops:
D:1 :   D:2 =


Innate Abilities, Weirdness & Mutations

You have very sharp teeth.
Your uncanny sense of smell can sniff out nearby items.
Your experience applies equally to all skills.


Message History

The iguana barely misses you.
You slash the iguana! Your bite misses the iguana.
The iguana is severely wounded.
The iguana bites you.
You hit the iguana but do no damage.
The iguana is severely wounded.
The iguana closely misses you.
You hit the iguana.
The iguana is severely wounded.
The iguana bites you.
You hit the iguana but do no damage.
The iguana is severely wounded.
The iguana misses you. The iguana bites you!
You barely miss the iguana.
The iguana is severely wounded.
The iguana bites you but does no damage.
You closely miss the iguana. Your bite misses the iguana.
The iguana is severely wounded.
The iguana misses you.
You barely miss the iguana. You bite the iguana, but do no damage.
The iguana is severely wounded.
The iguana bites you.
You hit the iguana but do no damage. You bite the iguana, but do no damage.
The iguana is severely wounded.
The iguana bites you.
Your magical contamination has completely faded away.
You hit the iguana but do no damage.
The iguana is severely wounded.
The iguana bites you!
You hit the iguana but do no damage.
The iguana is severely wounded.
The iguana barely misses you.
You hit the iguana but do no damage. Your bite misses the iguana.
The iguana is severely wounded.
The iguana bites you!
* * * LOW HITPOINT WARNING * * *
You hit the iguana.
The iguana is almost dead.
The iguana bites you!
You die...

.......###.#.###....
.##.##.# #.#'#......
#.# #.#......# ..
#.###))....### #..#
#.....#..### ∆
#....##.########
#.........##.#
#....##.#.##.###
#### #.#.##l@.###
#..>.......#
#......###.#...#.#
#...... #.##.## #
#...... #.##.#
..l.... #.##.#
....... #.##.#
..##### #..... ..
### .#


You could see an iguana.

Vanquished Creatures
  An orc wizard (D:2)
  Robin (D:2)
  3 gnolls (D:3)
  3 adders
  3 dart slugs
  5 orcs
  4 endoplasms
  3 giant cockroaches
  9 goblins
  13 hobgoblins
  3 kobolds
  4 quokkas (D:1)
  5 ball pythons
  8 bats
  5 frilled lizards
  5 rats
75 creatures vanquished.

Notes
Turn   | Place    | Note
-------+----------+-------------------------------------------
     0 | Abyss:1  | croobank the Gnoll Abyssal Knight began the quest for the
                  | Orb.
     0 | Abyss:1  | Reached XP level 1. HP: 23/23 MP: 3/3
   108 | Abyss:1  | Found a corrupted altar of Lugonu.
   109 | Abyss:1  | Found a corrupted altar of Lugonu.
   157 | Abyss:1  | Noticed a tormentor
   158 | D:1      | Escaped the Abyss
   269 | D:1      | Reached XP level 2. HP: 28/29 MP: 5/5
   403 | D:1      | Reached * piety under Lugonu
   509 | D:1      | Found Qehuiv's Book Shoppe.
   687 | D:1      | Reached XP level 3. HP: 35/35 MP: 6/6
   895 | D:1      | Learned a level 1 spell: Beastly Appendage
   898 | D:1      | Learned a level 2 spell: Wereblood
  1163 | D:2      | Reached skill level 1 in Short Blades
  1163 | D:2      | Reached skill level 1 in Long Blades
  1163 | D:2      | Reached skill level 1 in Maces & Flails
  1163 | D:2      | Reached skill level 1 in Polearms
  1163 | D:2      | Reached skill level 1 in Staves
  1163 | D:2      | Reached skill level 1 in Slings
  1163 | D:2      | Reached skill level 1 in Bows
  1163 | D:2      | Reached skill level 1 in Crossbows
  1163 | D:2      | Reached skill level 1 in Throwing
  1163 | D:2      | Reached skill level 1 in Stealth
  1163 | D:2      | Reached skill level 1 in Shields
  1163 | D:2      | Reached skill level 1 in Unarmed Combat
  1163 | D:2      | Reached skill level 1 in Spellcasting
  1163 | D:2      | Reached skill level 1 in Evocations
  1207 | D:2      | Identified the +0 helmet "Ufupn" {rPois rC- rCorr Str-2}
  1207 | D:2      | Noticed Robin
  1216 | D:2      | Reached XP level 4. HP: 39/41 MP: 2/7
  1217 | D:2      | Killed Robin
  1217 | D:2      | Reached ** piety under Lugonu
  1268 | D:2      | Found Ringib's Jewellery Shop.
  1701 | D:2      | Found a faded altar of an unknown god.
  1920 | D:2      | Reached skill level 1 in Conjurations
  1920 | D:2      | Reached skill level 1 in Hexes
  1920 | D:2      | Reached skill level 1 in Summonings
  1920 | D:2      | Reached skill level 1 in Necromancy
  1920 | D:2      | Reached skill level 1 in Translocations
  1920 | D:2      | Reached skill level 1 in Transmutations
  1920 | D:2      | Reached skill level 1 in Fire Magic
  1920 | D:2      | Reached skill level 1 in Ice Magic
  1920 | D:2      | Reached skill level 1 in Air Magic
  1920 | D:2      | Reached skill level 1 in Earth Magic
  1920 | D:2      | Reached skill level 1 in Poison Magic
  2041 | D:3      | Reached XP level 5. HP: 30/47 MP: 6/8
  2497 | D:3      | Slain by an iguana

Illustrated notes

Levels and vault maps discovered:
D:1:      dpeg_arrival_rooms_with_view, layout_basic, serial_shops, shop
D:2:      layout_basic, serial_shops, shop, hellmonk_ecumenical_altar_blasted,
          amcnicky_mini_rare_corridor_liquid, solitary_fountain,
          minmay_misc_feat_four_crosses, uniq_robin
D:3:      minmay_razor_zed, layout_loops_cross

Skill      XL: |  1  2  3  4  5 |
---------------+----------------+-----
Short Blades   | 1 |  1.5
Long Blades    | 1 |  1.5
Maces & Flails | 1 |  1.5
Polearms       | 1 |  1.5
Staves         | 1 |  1.5
Slings         | 1 |  1.5
Bows           | 1 |  1.5
Crossbows      | 1 |  1.5
Throwing       | 1 |  1.5
Stealth        | 1 |  1.5
Shields        | 1 |  1.5
Unarmed Combat | 1 |  1.5
Spellcasting   | 1 |  1.5
Evocations     | 1 |  1.5
Conjurations   | 1 |  1.2
Hexes          | 1 |  1.2
Summonings     | 1 |  1.2
Necromancy     | 1 |  1.2
Translocations | 1 |  1.2
Transmutations | 1 |  1.2
Fire Magic     | 1 |  1.2
Ice Magic      | 1 |  1.2
Air Magic      | 1 |  1.2
Earth Magic    | 1 |  1.2
Poison Magic   | 1 |  1.2
Dodging        | 3 |  3.0
Fighting       | |  6.7
Axes           | |  4.8
Armour         | |  4.8
Invocations    | |  4.9

Action                   |  1- 3 |  4- 6 || total
-------------------------+-------+-------++-------
Melee: Hand axe          |   117 |    95 ||   212
       Bite              |     7 |     9 ||    16
       Headbutt          |     3 |     4 ||     7
       Kick              |     3 |     1 ||     4
 Fire: Hunting sling     |       |     2 ||     2
Throw: Dart              |       |    16 ||    16
 Cast: Beastly Appendage |     3 |     2 ||     5
       Wereblood         |     2 |     2 ||     4
Invok: Depart the Abyss  |     1 |       ||     1
  Use: Potion            |       |     1 ||     1
 Stab: Sleeping          |     1 |     3 ||     4
Armor: Leather armour    |    42 |       ||    42
       Steam dragon scal |    11 |    51 ||    62
Dodge: Dodged            |    82 |    78 ||   160

Table legend: (Time is in decaauts)
 A = Elapsed time spent in this place.
 B = Non-inter-level travel time spent in this place.
 C = Inter-level travel time spent in this place.
 D = Time resting spent in this place.
 E = Time spent auto-exploring this place.
 F = Levels seen in this place.
 G = Mean time per level.
                   A        B        C        D        E       F      G
               +--------+--------+--------+--------+--------+-----+--------+
         Total |   2510 |   2342 |    168 |    349 |   1264 |   4 |  627.5 |
       Dungeon |   2352 |   2184 |    168 |    349 |   1142 |   3 |  784.0 |
         Abyss |    158 |    158 |      0 |      0 |    122 |   1 |  158.0 |
               +--------+--------+--------+--------+--------+-----+--------+

Top non-repeatable levels by time:
     D:2: 1018 daAuts
     D:1: 860 daAuts
     D:3: 473 daAuts
 Abyss:1: 158 daAuts
